 Dungeon Crawl Stone Soup version 0.29.1-4-g47bece8355 (webtiles) character file.

Game seed: 14576669347844629096

56 ChadusMaximus the Caller (level 3, -2/19 HPs)
             Began as a Deep Elf Summoner on Dec 5, 2022.
             Slain by a hound (7 damage)
             ... summoned by the player character
             ... on level 3 of the Dungeon.
             The game lasted 00:05:48 (2938 turns).

ChadusMaximus the Caller (Deep Elf Summoner)        Turns: 2938, Time: 00:05:48

Health: -2/19      AC:  3    Str:  5    XL:     3   Next: 69%
Magic:  7/10       EV: 12    Int: 21    God:
Gold:   8          SH:  0    Dex: 15    Spells: 3/9 levels left

rFire   + + .      SeeInvis .   h - +0 spear (vorpal)
rCold   x . .      Faith    .   t - orb {mayhem}
rNeg    . . .      Spirit   .   g - +0 leather armour
rPois   .          Reflect  .   (no helmet)
rElec   .          Harm     .   (no cloak)
rCorr   .          Rampage  .   (no gloves)
Will    .....                   (no boots)
Stlth   ++........              (no amulet)
HPRegen 0.06/turn               m - ring of protection from fire
MPRegen 0.12/turn               s - ring of fire

@: no status effects
A: no striking features
a: no special abilities


You were on level 3 of the Dungeon.
You visited 1 branch of the dungeon, and saw 3 of its levels.

You collected 8 gold pieces.

Inventory:

Hand Weapons
 h - a +0 vorpal spear (weapon)
Armour
 a - a +0 robe
 g - a +0 leather armour (worn)
 n - a +0 chain mail
 t - an orb of mayhem (worn)
Jewellery
 m - a ring of protection from fire (left hand)
 s - a ring of fire (right hand)
Scrolls
 d - a scroll of teleportation {unknown}
 l - 3 scrolls of blinking {unknown}
 o - a scroll of fog {unknown}
 r - a scroll of vulnerability {unknown}
Potions
 b - a potion of magic
 c - 3 potions of resistance {unknown}
 e - a potion of mutation {unknown}
 f - a potion of brilliance {unknown}
 i - 2 potions of ambrosia {unknown}
 j - 4 potions of lignification {unknown}
 k - 2 potions of attraction {unknown}
 p - a potion of curing {unknown}
 q - a potion of heal wounds {unknown}


   Skills:
 + Level 3.2 Dodging
 + Level 3.4 Stealth
 + Level 3.8 Spellcasting
 + Level 4.8 Summonings


You had 3 spell levels left.
You knew the following spells:

 Your Spells              Type           Power      Damage    Failure   Level
a - Summon Small Mammal   Summ           96%        N/A       2%          1
b - Call Canine Familiar  Summ           24%        N/A       9%          3
c - Call Imp              Summ           24%        N/A       4%          2

Your spell library contained the following spells:

 Spells                   Type           Power      Damage    Failure   Level
 Sting                    Tmut/Pois      16%        1d3       21%         1
 Summon Guardian Golem    Hex/Summ       14%        N/A       22%         3
 Poisonous Vapours        Pois/Air       8%         N/A       30%         2
 Summon Lightning Spire   Summ/Air       14%        N/A       58%         4
 Olgreb's Toxic Radiance  Pois           4%         N/A       90%         4


Dungeon Overview and Level Annotations

Branches:
Dungeon (3/15)

Altars:


Message History

Your quokka closely misses the adder.
You hit the adder.
The adder is moderately wounded.
You feel sick. The adder barely misses you.
Your quokka closely misses the adder.
The adder bites you.
Your quokka misses the adder. You barely miss the adder.
The adder is moderately wounded.
You feel sick.
Your quokka disappears in a puff of smoke!
The adder closely misses you.
You hit the adder.
The adder is heavily wounded.
You feel sick. The adder barely misses you. The adder bites you.
You hit the adder.
The adder is severely wounded.
You feel sick.
You are no longer poisoned.
The adder misses you.
Casting: Summon Small Mammal (safe; 3% risk of failure)
Confirm with . or Enter, or press ? or * to list all spells.
The spell is extremely dangerous to miscast (9% risk of failure)!
Continue anyway?
The adder misses you. The adder bites you but does no damage.
The adder attacks as you move away! The adder misses you.
Your hound barely misses the adder.
Your hound completely misses the adder.
You see here 8 gold pieces.
You barely miss the adder.
The adder is severely wounded.
The adder bites you.
Your hound bites the adder.
The adder closely misses your hound.
You strike the helpless adder from behind!
You hit the adder.
You kill the adder!
The hound flies into a frenzy!
The hound bites you.
* * * LOW HITPOINT WARNING * * *
The hound barely misses you. The hound bites you but does no damage.
The hound completely misses you. The hound attacks as you move away!
The hound bites you!
You die...

#..# #.#.#.###.#
#..# #...## #.#
#..# ##.##
#..######.#####.#
#...............#
#..<...##########
##.##### #. #.#
#...#####@#
#.....†h#
#.$.......#
...######### #


You could see a neutral hound (summoned, fast, strong, insane).

Vanquished Creatures
  An adder (D:3)
  A hobgoblin (D:2)
  A frilled lizard (D:2)
  3 kobolds (D:2)
6 creatures vanquished.

Vanquished Creatures (collateral kills)
  A worm (D:2)
  3 ball pythons (D:1)
  5 endoplasms
  4 giant cockroaches
  2 goblins (D:1)
  2 hobgoblins (D:3)
  2 jackals (D:1)
  3 quokkas (D:1)
  2 bats (D:1)
  3 frilled lizards
  4 kobolds
  4 rats
35 creatures vanquished.

Grand Total: 41 creatures vanquished

Notes
Turn   | Place    | Note
-------+----------+-------------------------------------------
     0 | D:1      | ChadusMaximus the Deep Elf Summoner began the quest for the
                  | Orb.
     0 | D:1      | Reached XP level 1. HP: 10/10 MP: 6/6
   213 | D:1      | Found a faded altar of an unknown god.
   521 | D:1      | Reached XP level 2. HP: 15/15 MP: 5/8
  1907 | D:2      | Reached XP level 3. HP: 19/19 MP: 8/10
  1912 | D:2      | Learned a level 3 spell: Call Canine Familiar
  2844 | D:3      | Learned a level 2 spell: Call Imp
  2938 | D:3      | Slain by a hound

Illustrated notes

Levels and vault maps discovered:
D:1:      amcnicky_arrival_wind_blow, layout_basic,
          dreamdust_ecumenical_altar_angels_and_demons
D:2:      layout_loops_ring
D:3:      layout_loops_ring, lemuel_coloured_pillars_altar

Skill      XL: |  1  2 |
---------------+-------+-----
Stealth        | 3 |  3.4
Dodging        | 3 |  3.2
Spellcasting   | |  3.8
Summonings     | |  4.8

Action                   || total
-------------------------++-------
Melee: Spear             ||    33
 Cast: Summon Small Mamm ||    50
       Call Canine Famil ||     7
 Stab: Distracted        ||     2
       Sleeping          ||     1
Armor: Robe              ||     6
       Leather armour    ||     7
Dodge: Dodged            ||    43
